 Dungeon Crawl Stone Soup version 0.21.1-1-g345015fe64 (webtiles) character file.

39 Bergy the Shield-Bearer (level 3, -2/23 HPs)
             Began as a Gargoyle Fighter on July 22, 2018.
             Killed from afar by Sigmund (6 damage)
             ... with a puff of flame
             ... on level 2 of the Dungeon.
             The game lasted 00:04:29 (1182 turns).

Bergy the Shield-Bearer (Gargoyle Fighter)          Turns: 1182, Time: 00:04:29

Health: -2/23      AC: 12    Str: 20    XL:     3   Next: 45%
Magic:  3/3        EV:  7    Int:  8    God:
Gold:   68         SH:  0    Dex:  9    Spells: 2/2 levels left

rFire    . . .     SeeInvis .   a - +0 flail
rCold    . . .     Gourm    .   c - +0 shield
rNeg     + . .     Faith    .   b - +0 scale mail
rPois    ∞         Spirit   .   (no helmet)
rElec    +         Reflect  .   e - +0 cloak
rCorr    .         Harm     .   h - +0 pair of gloves
MR       .....                  (no boots)
Stlth    ..........             (no amulet)
HPRegen  0.07/turn              (no ring)
MPRegen  0.08/turn              (no ring)

@: confused
A: negative energy resistance 1, electricity resistance, unbreathing,
petrification resistance, rot immunity, AC +3
a: no special abilities


You were on level 2 of the Dungeon.
You were not hungry.

You visited 1 branch of the dungeon, and saw 3 of its levels.

You collected 68 gold pieces.

Inventory:

Hand Weapons
 a - a +0 flail (weapon)
 k - a +1 hunting sling of velocity
Armour
 b - a +0 scale mail (worn)
 c - a +0 shield (worn)
 e - a +0 cloak (worn)
 h - a +0 pair of gloves (worn)
Scrolls
 i - 4 scrolls of identify {unknown}
 j - a scroll of teleportation {unknown}
 l - a scroll of remove curse {unknown}
 m - a scroll of enchant armour {unknown}
Potions
 d - a potion of might
 g - 2 potions of curing {unknown}
 o - a potion of lignification {unknown}
Comestibles
 f - 6 rations
 n - 7 chunks of flesh


   Skills:
 + Level 3.5 Fighting
 * Level 2.7 Maces & Flails
 + Level 3.6 Armour
 + Level 3.8 Shields


You had 2 spell levels left.
You didn't know any spells.

Dungeon Overview and Level Annotations

Branches:
Dungeon (3/15)

Altars:

Annotations:
D:2 Sigmund
D:3 Terence; Torako's ghost, weakling DrFi


Innate Abilities, Weirdness & Mutations

You are resistant to torment.
Your stone body is resilient. (AC +3)
You are immune to poison.
You resist negative energy. (rN+)
You are resistant to electric shocks. (rElec)
You can survive without breathing.
You are immune to petrification.
You are immune to rotting.


Message History

Something hits you but does no damage.
Something tries to affect you, but you resist.
A puff of flame appears from out of thin air!
The puff of flame misses you.
You see here 21 stones.
A magic dart appears from out of thin air!
The magic dart hits you! Something hits you.
* * * LOW HITPOINT WARNING * * *
Sigmund appears from thin air!
Reactivating autopickup.
Sigmund gestures at you while chanting. The puff of flame hits you!
Sigmund gestures at you while chanting.
You are confused.
Sigmund points at you and mumbles some strange words.
You resist with significant effort.
Sigmund points at you and mumbles some strange words.
The puff of flame hits you!
You die...

.# #.#######..# .###
###.#.....##.#### ....
.....)...#.....#
.########.###.#..##.#.#.#.######
.#...............##.#.#........##
##.######.##..#...#.#.#..(.......
..........##..#..)#...#....###.##
##.######.##..##.......@...# #.#
#.# #.##....@÷......#..###.##
##.### #.##.###.......##..#.#...
.....####.##.....###...##.......#
.......)..................>#..#.#
##.#.####.######.#...............
#.#.####.## #.###..###.......#
#.#.......# #.# #..# #........
#.######.(# #.# #..# #....##..
#.# #..# ........##.#


You could see Sigmund.

Vanquished Creatures
  2 dart slugs
  3 leopard geckos (D:2)
  2 giant cockroaches
  4 jackals (D:1)
  4 kobolds
  6 bats (D:1)
  2 frilled lizards (D:1)
  4 goblins
  2 rats
29 creatures vanquished.

Notes
Turn   | Place    | Note
-------+----------+-------------------------------------------
     0 | D:1      | Bergy the Gargoyle Fighter began the quest for the Orb.
     0 | D:1      | Reached XP level 1. HP: 14/14 MP: 1/1
   226 | D:1      | Reached XP level 2. HP: 15/19 MP: 2/2
   678 | D:1      | Reached XP level 3. HP: 23/23 MP: 3/3
  1135 | D:2      | Noticed Sigmund
  1159 | D:3      | Noticed Torako's ghost (weakling DrFi)
  1161 | D:3      | Noticed Terence
  1182 | D:2      | Killed from afar by Sigmund

Action                   || total
-------------------------++-------
Melee: Flail             ||   119
  Eat: Chunk             ||     1
Armor: Scale mail        ||   112
Dodge: Dodged            ||    70
Block: Shield            ||    86
